 Dungeon Sprint DCSS version 0.21-a0-52-gbf49515 (webtiles) character file.

128 Kidiri the Magician (level 4, -5/27 HPs)
             Began as a Deep Elf Fire Elementalist on June 13, 2017.
             Slain by a sun demon (15 damage)
             ... summoned by a kobold demonologist
             ... in the Dungeon (Sprint III: "The Ten Rune Challenge").
             The game lasted 00:02:10 (550 turns).

Kidiri the Magician (Deep Elf Fire Elementalist)     Turns: 550, Time: 00:02:11

Health: -5/27      AC:  2    Str:  5    XL:     4   Next: 87%
Magic:  6/15       EV: 18    Int: 21    God:
Gold:   33         SH:  0    Dex: 15    Spells: 4/17 levels left

rFire    . . .     SeeInvis .   (no weapon)
rCold    . . .     Gourm    .   (no shield)
rNeg     . . .     Faith    .   a - +0 robe
rPois    .         Spirit   .   (helmet restricted)
rElec    .         Reflect  .   (no cloak)
rCorr    .         Harm     .   (no gloves)
MR       .....     NoTele   +   (no boots)
Stlth    ++........             (no amulet)
Regen    0.1/turn               (no ring)
MPRegen  0.2/turn               (no ring)

@: no status effects
A: horns 1, repulsion field 1, wild magic 1
a: no special abilities


You were in the Dungeon.
You were not hungry.

You visited 1 branch You collected 33 gold pieces.

Inventory:

Armour
 a - a +0 robe (worn)
 j - a +0 leather armour
Scrolls
 i - a scroll of blinking
 l - a scroll of immolation
 m - a scroll of identify
 n - a scroll of remove curse
 q - a scroll of holy word
Potions
 d - a potion of curing
 e - a potion of heal wounds
 f - a potion of haste
 g - 2 potions of magic
 h - a potion of berserk rage
 p - 2 potions of flight
 r - a potion of lignification
 s - 5 potions of mutation
Books
 b - a book of Flames

   Spells                             Type                      Level
   a - Flame Tongue                   Conjuration/Fire             1
   b - Throw Flame                    Conjuration/Fire             2
   c - Conjure Flame                  Conjuration/Fire             3
   d - Inner Flame                    Hexes/Fire                   3
   e - Sticky Flame                   Conjuration/Fire             4
   f - Fireball                       Conjuration/Fire             5
Comestibles
 c - a bread ration
 k - a chunk of flesh
 o - 2 royal jellies


   Skills:
 + Level 2.4 Fighting
 + Level 2.6 Armour
 * Level 6.4 Dodging
 - Level 2.4 Stealth
 * Level 7.0 Spellcasting
 + Level 3.5 Conjurations
 + Level 4.9 Fire Magic


You had 4 spell levels left.
You knew the following spells:

 Your Spells              Type           Power        Failure   Level  Hunger
a - Flame Tongue          Conj/Fire      ####.        3%          1    None
b - Throw Flame           Conj/Fire      ####..       4%          2    None
c - Conjure Flame         Conj/Fire      ####....     8%          3    #......
d - Inner Flame           Hex/Fire       ###.....     14%         3    #......
e - Sticky Flame          Conj/Fire      ####....     22%         4    ###....


Dungeon Overview and Level Annotations

Branches:
Dungeon (1/1)

Altars:
Kikubaaqudgha
Sif Muna
Vehumet


Innate Abilities, Weirdness & Mutations

You have a pair of small horns on your head.
You are surrounded by a mild repulsion field. (EV +2)
Your spells are a little harder to cast, but a little more powerful.


Message History

The sticky flame hits the wizard.
The wizard is almost dead.
The wizard is covered in liquid flames!
The wizard burns!
You kill the wizard!
Your Dodging skill increases to level 6!
Your Spellcasting skill increases to level 7!
Unknown command.
Casting: Sticky Flame
Confirm with . or Enter, or press ? or * to list all spells.
Aiming: Sticky Flame
Press: ? - help, Shift-Dir - straight line, f - kobold demonologist
Aim: a kobold demonologist, wielding a dagger and wearing a robe The sticky flame hits the kobold demonologist.
The kobold demonologist is moderately wounded.
The kobold demonologist is covered in liquid flames!
The kobold demonologist burns!
The sun demon hits you!
Ouch! That really hurt!
You are engulfed in flames!
Ouch! That really hurt!
You die...

.#......#####..#
##.......#..#..#
.##.##...#..#..###+#+###+
.##.###..##+#..#.........
####.##..###...'.⌠.......
##..##..####...#...######
....##..###....#.⌠.#
#..##...##.....#...#
..##....#......#@###
.###..##.#.....#3K:# .#
#..#####....#___# ▓▓ ▓▓▓▓
▓▓▓▓▓▓▓▓▓▓


You could see a sun demon and a kobold demonologist (burning).

Vanquished Creatures
  A water elemental (D)
  A wizard (D)
  A human (D)
  A wolf (D)
  2 oozes (D)
  2 rats (D)
8 creatures vanquished.

Vanquished Creatures (others)
  2 draconian scorchers (D)
  6 hellions (D)
  A yaktaur (D)
9 creatures vanquished.

Grand Total: 17 creatures vanquished

Notes
Turn   | Place    | Note
-------+----------+-------------------------------------------
     0 | D        | Kidiri the Deep Elf Fire Elementalist began the quest for the Orb.
     0 | D        | Reached XP level 1. HP: 10/10 MP: 6/6
    36 | D        | Killed a yaktaur
    61 | D        | Reached skill level 1 in Armour
    61 | D        | Reached skill level 4 in Spellcasting
    61 | D        | Reached XP level 2. HP: 16/16 MP: 5/9
    98 | D        | Killed a hellion
   117 | D        | Reached skill level 1 in Fighting
   135 | D        | Learned a level 2 spell: Throw Flame
   163 | D        | Reached XP level 3. HP: 4/20 MP: 0/11
   167 | D        | Killed a hellion
   168 | D        | Learned a level 3 spell: Conjure Flame
   171 | D        | Killed a hellion
   172 | D        | Learned a level 3 spell: Inner Flame
   213 | D        | Killed a white draconian scorcher
   246 | D        | Killed a hellion
   252 | D        | Killed a white draconian scorcher
   254 | D        | Killed a hellion
   271 | D        | Killed a hellion
   445 | D        | Reached skill level 5 in Spellcasting
   473 | D        | Gained mutation: You have a pair of small horns on your head. [potion of mutation]
   473 | D        | Gained mutation: Your spells are a little harder to cast, but a little more powerful. [potion of mutation]
   473 | D        | Gained mutation: You are surrounded by a mild repulsion field. (EV +2) [potion of mutation]
   481 | D        | Noticed a water elemental
   486 | D        | Killed a water elemental
   486 | D        | Reached skill level 5 in Dodging
   486 | D        | Reached skill level 6 in Spellcasting
   486 | D        | Reached XP level 4. HP: 25/26 MP: 5/14
   511 | D        | Learned a level 4 spell: Sticky Flame
   547 | D        | Found a radiant altar of Vehumet.
   548 | D        | Found a deep blue altar of Sif Muna.
   548 | D        | Found an ancient bone altar of Kikubaaqudgha.
   548 | D        | Noticed a wizard
   549 | D        | Noticed a sun demon
   549 | D        | Killed a wizard
   549 | D        | Reached skill level 7 in Spellcasting
   550 | D        | Slain by a sun demon

Vault maps used:
D:        dungeon_sprint_mu

Skill      XL: |  1  2  3  4 |
---------------+-------------+-----
Dodging        | 3 4 5 6 |  6.4
Armour         | 1 2 |  2.6
Spellcasting   | 4 6 7 |  7.0
Fighting       | 1 2 |  2.4
Conjurations   | 2 3 |  3.5
Fire Magic     | 4 |  4.9
Stealth        | |  2.4

Action                   |  1- 3 |  4- 6 || total
-------------------------+-------+-------++-------
 Cast: Flame Tongue      |    22 |     1 ||    23
       Throw Flame       |     1 |       ||     1
       Conjure Flame     |     1 |       ||     1
       Sticky Flame      |       |     2 ||     2
  Use: Scroll            |     4 |       ||     4
       Potion            |     1 |       ||     1
Armor: Robe              |     1 |       ||     1
Dodge: Dodged            |     5 |     1 ||     6
